 Dungeon Sprint DCSS version 0.22-a0-362-g535178c (webtiles) character file.

19523 Kidiri the Tortoise (level 12, -11/133 HPs)
             Began as a Minotaur Fighter on Apr 21, 2018.
             Was a High Priest of Okawaru.
             Mangled by an alligator snapping turtle (20 damage)
             ... in the Dungeon (Sprint VII: "The Pits").
             The game lasted 00:14:40 (3244 turns).

Kidiri the Tortoise (Minotaur Fighter)              Turns: 3244, Time: 00:14:41

Health: -11/133    AC: 22    Str: 26    XL:     12   Next: 37%
Magic:  10/18      EV: 20    Int:  8    God:    Okawaru [*****.]
Gold:   15         SH: 20    Dex: 12    Spells: 11/11 levels left

rFire    . . .     SeeInvis .     - Unarmed
rCold    . . .     Gourm    .   c - +0 shield
rNeg     . . .     Faith    .   b - +4 chain mail
rPois    .         Spirit   .   (helmet restricted)
rElec    .         Reflect  .   (no cloak)
rCorr    .         Harm     .   u - +1 pair of gloves {archery}
MR       .....     NoTele   +   (no boots)
Stlth    ++........             (no amulet)
HPRegen  0.32/turn              r - +3 ring of evasion
MPRegen  0.16/turn              s - +3 ring of intelligence

@: lethally poisoned (-11 -> -14), afraid, heroism, finesse, slowed, very slow
A: retaliatory headbutt, claws 1, horns 2, large bone plates 1, robust 1, strong
1, subdued magic 1
a: Heroism, Finesse, Renounce Religion


You were in the Dungeon.
You worshipped Okawaru.
Okawaru was extremely pleased with you.
You were not hungry.

You visited 1 branch You collected 15 gold pieces.

Inventory:

Hand Weapons
 a - a +2 morningstar of protection
Missiles
 D - 17 javelins (quivered)
Armour
 b - a +4 chain mail (worn)
 c - a +0 shield (worn)
 u - a +1 pair of gloves of archery (worn)
Jewellery
 r - a +3 ring of evasion (left hand)
 s - a +3 ring of intelligence (right hand)
 z - an uncursed ring of protection from fire
 B - an uncursed ring of protection from magic
Scrolls
 m - 5 scrolls of remove curse
 n - 6 scrolls of amnesia
 o - a scroll of summoning
 q - 4 scrolls of enchant armour
 w - 2 scrolls of fog
 x - 2 scrolls of identify
 y - a scroll of enchant weapon
 A - a scroll of holy word
Potions
 d - 3 potions of might
 e - 7 potions of curing
 h - 3 potions of haste
 i - 4 potions of magic
 j - 3 potions of berserk rage
 l - 2 potions of invisibility
 t - 2 potions of brilliance
 v - a potion of agility
Comestibles
 f - 9 rations


   Skills:
 * Level 15.6(20.6) Fighting
 * Level 15.4(20.4) Maces & Flails
 + Level 9.8(14.8) Throwing
 * Level 15.7(20.7) Armour
 + Level 10.6(15.6) Dodging
 + Level 8.8(13.8) Stealth
 * Level 15.5(20.5) Shields
 + Level 9.5 Invocations


You had 11 spell levels left.
You didn't know any spells.

Dungeon Overview and Level Annotations

Branches:
Dungeon (1/1)

Altars:
Ashenzari
Cheibriados
Dithmenos
Elyvilon
Fedhas
Gozag
Hepliaklqana
Kikubaaqudgha
Makhleb
Nemelex Xobeh
Okawaru
Qazlal
Ru
Sif Muna
Trog
Uskayaw
Vehumet
Wu Jian
Xom
Yredelemnul
Zin
The Shining One
Beogh
Jiyva
Lugonu

Annotations:
D exclusion: 15 doors


Innate Abilities, Weirdness & Mutations

You reflexively headbutt those who attack you in melee.
You have a pair of horns on your head.
You have sharp fingernails.
You are partially covered in large bone plates. (SH +4)
You are robust. (+10% HP)
Your muscles are strong. (Str +2)
Your spells are a little easier to cast, but a little less powerful.


Message History

The alligator snapping turtle bites you from afar!
* * * LOW HITPOINT WARNING * * *
Your magical contamination has completely faded away.
Unknown command.
You feel better.
The guardian serpent coils itself and waves its upper body at you.
The bolt of poison hits you!
You are poisoned.
* * * LOW HITPOINT WARNING * * *
The bolt of poison hits the eidolon.
The eidolon completely resists.
The bolt of poison hits the hellion.
The eidolon hits you but does no damage.
You block the eidolon's attack.
You block the five-headed hydra's attack.
The five-headed hydra misses you. x2
You block the five-headed hydra's attack.
The five-headed hydra closely misses you.
You block the guardian serpent's attack.
The alligator snapping turtle bites you from afar!!
You die...

#..........+ ###''####''#
###''####''#######
#......##......).)
#.#'##.##......)))
#.#)%+.##..#######
#2'=)#.##..# #W#%%'.##..#
###++###########@Dd=# ##..#
..........##..##S##'#.##..#
#..#......##..##.t§.5.##..#
..........''..##########..#
..........''..##########(.#
#..#......##....†.........#
..........##..............#
###++######################
.##++############
########## ####


You could see an alligator snapping turtle, a yellow draconian, a five-headed
hydra, an eidolon, a guardian serpent and a hellion.

Vanquished Creatures
  A nagaraja (D)
  A fire giant (D)
  A minotaur (D)
  A death knight (D)
  A two-headed ogre (D)
  A vampire mage (D)
  A salamander mystic (D)
  3 skeletal warriors (D)
  2 unseen horrors (D)
  A flayed ghost (D)
  A sea snake (D)
  A phantasmal warrior (D)
  A deep elf mage (D)
  A cyclops (D)
  A manticore (D)
  An elephant (D)
  2 naga magi (D)
  A black mamba (D)
  A gargoyle (D)
  2 kobold demonologists (D)
  An efreet (D)
  An ice devil (D)
  A guardian mummy (D)
  2 jumping spiders (D)
  2 red devils (D)
  A snapping turtle (D)
  4 blink frogs (D)
  A redback (D)
  2 spriggans (D)
  A flying skull (D)
  A hungry ghost (D)
  A steam dragon (D)
  2 basilisks (D)
  A neqoxec (D)
  11 vampire mosquitoes (D)
  A floating eye (D)
  Duvessa (D)
  A black bear (D)
  A necrophage (D)
  An orc warrior (D)
  A centaur (D)
  A big kobold (D)
  Dowan (D)
  6 killer bees (D)
  A jelly (D)
  A crimson imp (D)
  A quasit (D)
  An orc priest (D)
  2 iron imps (D)
  An orc wizard (D)
  An iguana (D)
  A river rat (D)
  2 white imps (D)
  An ufetubus (D)
  An adder zombie (D)
  A leopard gecko (D)
  2 orcs (D)
  A ball python (D)
  A bat (D)
  2 bat zombies (D)
  2 quokkas (D)
  A goblin (D)
  6 kobolds (D)
  A leopard gecko simulacrum (D)
  A quokka skeleton (D)
  A rat (D)
103 creatures vanquished.

Notes
Turn   | Place    | Note
-------+----------+-------------------------------------------
     0 | D        | Kidiri the Minotaur Fighter began the quest for the Orb.
     0 | D        | Reached XP level 1. HP: 19/19 MP: 0/0
    60 | D        | Found a bloodstained altar of Trog.
    60 | D        | Found a deep blue altar of Sif Muna.
    60 | D        | Found a viscous altar of Jiyva.
    60 | D        | Found a hazy altar of Hepliaklqana.
    60 | D        | Found an opulent altar of Gozag.
    61 | D        | Found a glowing golden altar of the Shining One.
    61 | D        | Found a glowing silver altar of Zin.
    61 | D        | Found a basalt altar of Yredelemnul.
    61 | D        | Found a shimmering altar of Xom.
    61 | D        | Found an ornate altar of the Wu Jian Council.
    61 | D        | Found a sacrificial altar of Ru.
    61 | D        | Found a stormy altar of Qazlal.
    61 | D        | Found an iron altar of Okawaru.
    61 | D        | Found a sparkling altar of Nemelex Xobeh.
    61 | D        | Found a burning altar of Makhleb.
    61 | D        | Found a blossoming altar of Fedhas.
    61 | D        | Found a white marble altar of Elyvilon.
    61 | D        | Found a shadowy altar of Dithmenos.
    61 | D        | Found a snail-covered altar of Cheibriados.
    63 | D        | Found a radiant altar of Vehumet.
    63 | D        | Found a corrupted altar of Lugonu.
    63 | D        | Found a roughly hewn altar of Beogh.
    64 | D        | Found a hide-covered altar of Uskayaw.
    64 | D        | Found an ancient bone altar of Kikubaaqudgha.
    64 | D        | Found a shattered altar of Ashenzari.
    71 | D        | Became a worshipper of Warmaster Okawaru
    95 | D        | Reached skill level 1 in Dodging
    95 | D        | Reached XP level 2. HP: 19/28 MP: 1/1
   201 | D        | Reached skill level 1 in Stealth
   314 | D        | Noticed a crimson imp
   327 | D        | Reached skill level 1 in Throwing
   334 | D        | Killed a crimson imp
   334 | D        | Reached skill level 5 in Fighting
   334 | D        | Reached skill level 5 in Armour
   334 | D        | Reached skill level 5 in Shields
   334 | D        | Reached skill level 1 in Invocations
   334 | D        | Reached XP level 3. HP: 31/36 MP: 1/3
   426 | D        | Noticed a flying skull
   434 | D        | Killed a flying skull
   434 | D        | Reached * piety under Okawaru
   434 | D        | Reached skill level 5 in Maces & Flails
   434 | D        | Reached XP level 4. HP: 45/45 MP: 3/5
   434 | D        | Reached XP level 5. HP: 51/51 MP: 3/6
   437 | D        | Noticed a floating eye
   440 | D        | Reached ** piety under Okawaru
   443 | D        | Paralysed by a floating eye for 3 turns
   448 | D        | Paralysed by a floating eye for 3 turns
   454 | D        | Paralysed by a floating eye for 3 turns
   458 | D        | Paralysed by a floating eye for 2 turns
   462 | D        | Killed a floating eye
   462 | D        | Reached XP level 6. HP: 44/60 MP: 7/7
   628 | D        | Noticed an orc warrior
   631 | D        | Killed an orc warrior
   638 | D        | Reached XP level 7. HP: 54/68 MP: 6/8
   708 | D        | Noticed an elephant
   708 | D        | Noticed a red devil
   728 | D        | Killed an elephant
   728 | D        | Reached *** piety under Okawaru
   728 | D        | Reached skill level 5 in Dodging
   740 | D        | Killed a red devil
   740 | D        | Reached XP level 8. HP: 42/78 MP: 7/10
   771 | D        | Gained mutation: You are resistant to hostile enchantments. (MR+) [potion of mutation]
   771 | D        | Gained mutation: You expend magic power (3 MP) to strengthen your wands. [potion of mutation]
   771 | D        | Gained mutation: Your system is resistant to poisons. (rPois) [potion of mutation]
   900 | D        | Noticed a jumping spider
   907 | D        | Killed a jumping spider
   907 | D        | Reached skill level 5 in Throwing
   907 | D        | Reached skill level 10 in Armour
   907 | D        | Reached skill level 5 in Invocations
   923 | D        | Noticed a blink frog
   923 | D        | Noticed a snapping turtle
   924 | D        | Noticed a blink frog
   966 | D        | Killed a snapping turtle
   966 | D        | Reached **** piety under Okawaru
   966 | D        | Reached skill level 10 in Fighting
   966 | D        | Reached skill level 10 in Shields
  1002 | D        | Reached skill level 5 in Stealth
  1014 | D        | Reached skill level 10 in Maces & Flails
  1037 | D        | Noticed a blink frog
  1037 | D        | Reached XP level 9. HP: 62/84 MP: 10/12
  1039 | D        | Noticed a sea snake
  1317 | D        | Received a gift from Okawaru
  1489 | D        | Killed a sea snake
  1516 | D        | Noticed a deep elf mage
  1517 | D        | Noticed a jumping spider
  1552 | D        | Reached ***** piety under Okawaru
  1580 | D        | Killed a deep elf mage
  1580 | D        | Reached XP level 10. HP: 74/95 MP: 12/14
  1637 | D        | Received a gift from Okawaru
  1659 | D        | Noticed a gargoyle
  1666 | D        | Killed a gargoyle
  1933 | D        | Noticed a nagaraja
  1933 | D        | Noticed Dowan
  1935 | D        | Noticed a manticore
  1938 | D        | Noticed a cyclops
  1949 | D        | Noticed Duvessa
  1954 | D        | Killed a nagaraja
  1958 | D        | Killed a manticore
  1969 | D        | Killed an unseen horror
  1969 | D        | Reached XP level 11. HP: 59/105 MP: 9/15
  1973 | D        | Killed Duvessa
  2018 | D        | Killed Dowan
  2301 | D        | Killed an unseen horror
  2301 | D        | Received a gift from Okawaru
  2397 | D        | Lost mutation: You expend magic power (3 MP) to strengthen your wands. [potion of mutation]
  2397 | D        | Lost mutation: You are resistant to hostile enchantments. (MR+) [potion of mutation]
  2397 | D        | Lost mutation: Your system is resistant to poisons. (rPois) [potion of mutation]
  2397 | D        | Gained mutation: You are robust. (+10% HP) [potion of mutation]
  2397 | D        | Gained mutation: You have sharp fingernails. [potion of mutation]
  2397 | D        | Gained mutation: Your muscles are strong. (Str +2) [potion of mutation]
  2397 | D        | Gained mutation: You are partially covered in large bone plates. (SH +4) [potion of mutation]
  2544 | D        | Noticed a minotaur
  2544 | D        | Noticed a phantasmal warrior
  2557 | D        | Killed a minotaur
  2562 | D        | Killed a phantasmal warrior
  2581 | D        | Noticed a salamander mystic
  2606 | D        | Killed a salamander mystic
  2606 | D        | Received a gift from Okawaru
  2621 | D        | Received a gift from Okawaru
  2742 | D        | Noticed a death knight
  2744 | D        | Noticed a two-headed ogre
  2761 | D        | Killed a two-headed ogre
  2761 | D        | Reached skill level 10 in Dodging
  2783 | D        | Killed a death knight
  2783 | D        | Reached skill level 15 in Fighting
  2783 | D        | Reached skill level 15 in Armour
  2783 | D        | Reached XP level 12. HP: 108/130 MP: 11/17
  2784 | D        | Noticed a vampire mage
  2804 | D        | Killed a vampire mage
  2926 | D        | Reached skill level 15 in Shields
  2949 | D        | Reached skill level 15 in Maces & Flails
  3202 | D        | Noticed an alligator snapping turtle
  3202 | D        | Noticed a yellow draconian
  3202 | D        | Noticed a fire giant
  3202 | D        | Noticed a five-headed hydra
  3202 | D        | Noticed an eidolon
  3215 | D        | Gained mutation: Your spells are a little easier to cast, but a little less powerful. [a neqoxec]
  3243 | D        | Killed a fire giant
  3243 | D        | Received a gift from Okawaru
  3244 | D        | Mangled by an alligator snapping turtle

Vault maps used:
D:        pitsprint

Skill      XL: |  1  2  3  4  5  6  7  8  9 10 11 12 |
---------------+-------------------------------------+-----
Fighting       | 4 5 6 7 8 9 10 11 13 15 | 15.6
Maces & Flails | 3 4 5 6 7 9 10 11 13 14 15 | 15.4
Armour         | 4 5 6 7 8 9 10 12 13 15 | 15.7
Dodging        | 1 2 3 4 5 6 7 8 10 | 10.6
Shields        | 4 5 6 7 8 9 10 11 13 14 15 | 15.5
Stealth        | 1 2 3 4 5 6 7 8 |  8.8
Throwing       | 1 3 4 5 6 8 9 |  9.8
Invocations    | 1 2 3 4 5 6 7 9 |  9.5

Action                   |  1- 3 |  4- 6 |  7- 9 | 10-12 || total
-------------------------+-------+-------+-------+-------++-------
Melee: Mace              |    27 |       |       |       ||    27
       Flail             |     7 |    31 |    21 |       ||    59
       Headbutt          |     3 |     6 |    32 |   105 ||   146
       Morningstar       |       |       |   111 |   211 ||   322
       Unarmed           |       |       |       |   185 ||   185
Throw: Stone             |     2 |       |     4 |       ||     6
Invok: Heroism           |       |     1 |     9 |    10 ||    20
       Finesse           |       |       |       |     9 ||     9
  Use: Potion            |     1 |     1 |     1 |    18 ||    21
       Scroll            |       |       |       |     1 ||     1
  Eat: Chunk             |       |       |     1 |     1 ||     2
       Ration            |       |       |     1 |     1 ||     2
Armor: Scale mail        |     7 |       |       |       ||     7
       Plate armour      |     2 |    21 |    22 |       ||    45
       Chain mail        |       |       |    47 |   185 ||   232
Dodge: Dodged            |     8 |     1 |    61 |   239 ||   309
Block: Shield            |    22 |    12 |    85 |   336 ||   455

Table legend:
 A = Spawn XP
 B = Non-spawn XP
 C = Spawn XP percentage of total XP
 D = Spawn monster count
 E = Non-spawn monster count
 F = Spawn count percentage of total count
 G = Total turns spent on level
                    A         B        C        D         E        F      G
               +---------+---------+-------+---------+---------+-------+---------
         Total |       0 |   27890 |   0.0 |       0 |     103 |   0.0 |  3244
               +---------+---------+-------+---------+---------+-------+---------
             D |       0 |   27890 |   0.0 |       0 |     103 |   0.0 |  3244
               +---------+---------+-------+---------+---------+-------+---------
